 Dungeon Crawl Stone Soup version 0.31-a0-115-g4708a659fe (webtiles) character file.

Game seed: 1238081526716918783

185 Irreverend the Ruffian (level 5, -2/53 HPs)
             Began as a Troll Fighter on May 30, 2023.
             Slain by a bullfrog (4 damage)
             ... in a sewer.
             The game lasted 00:02:21 (1806 turns).

Irreverend the Ruffian (Troll Fighter)              Turns: 1806, Time: 00:02:22

Health: -2/53      AC:  4    Str: 24    XL:     5   Next: 37%
Magic:  4/4        EV:  8    Int:  6    God:
Gold:   193        SH:  8    Dex:  9    Spells: 4/4 levels left

rFire   . .          .
                       - Unarmed
rCold   . . .        b - +0 kite shield
rNeg    . . .        a - +0 robe
rPois   .            (helmet restricted)
rElec   .            (no cloak)
rCorr   .            (gloves unavailable)
SInv    .            (boots unavailable)
Will    .....        (no amulet)
Stlth   +            (no ring)
HPRegen 1.08/turn    (no ring)
MPRegen 0.09/turn

%: no passive effects
@: no status effects
A: large, unfitting armour, claws 3, regeneration 1, shaggy fur 1, tough skin 1
a: no special abilities


You were in a sewer.
You visited 1 branch of the dungeon, and saw 3 of its levels.
You also visited: Sewer.

You collected 193 gold pieces.

Inventory:

Missiles
 l - 3 silver javelins (quivered)
Armour
 a - a +0 robe (worn)
 b - a +0 kite shield (worn)
Jewellery
 f - a ring of protection from fire
Scrolls
 g - a scroll of acquirement {unknown}
 h - a scroll of enchant weapon {unknown}
 j - a scroll of enchant armour {unknown}
 k - 2 scrolls of identify {unknown}
 o - a scroll of fear {unknown}
 r - a scroll of teleportation {unknown}
Potions
 c - a potion of might
 d - 2 potions of brilliance {unknown}
 e - 2 potions of invisibility {unknown}
 i - a potion of lignification {unknown}
 m - a potion of enlightenment {unknown}
 n - a potion of heal wounds {unknown}
 p - a potion of cancellation {unknown}
 q - a potion of curing {unknown}
 s - a potion of berserk rage {unknown}


   Skills:
 + Level 3.2 Fighting
 - Level 2.4 Dodging
 + Level 3.5 Shields
 * Level 4.3 Unarmed Combat


You had 4 spell levels left.
You didn't know any spells.
Your spell library contained the following spells:

 Spells                   Type           Power      Damage    Failure   Level
 Sandblast                Erth           0%         2d4       71%         1
 Passwall                 Tmut/Erth      0%         N/A       85%         2
 Stone Arrow              Conj/Erth      0%         3d7       97%         3
 Vhi's Electric Charge    Tloc/Air       0%         N/A       97%         3
 Arcjolt                  Conj/Air       0%         1d10      100%        5
 Maxwell's Capacitive Co  Air            0%         ∞         100%        8


Dungeon Overview and Level Annotations

Branches:
Dungeon (3/15)              Sewer (1/1)

Altars:
Elyvilon

Portals:
Abyss: D:3

Annotations:
D:3 2 transporters, pokeman's ghost, amateur DEHW


Innate Abilities, Weirdness & Mutations

You are too large for most types of armour.
You have claws for hands.
Your natural rate of healing is unusually fast.
You are covered in fur. (AC +1)
You have tough skin. (AC +1)


Message History

You are too injured to fight recklessly!
You are too injured to fight recklessly!
You are too injured to fight recklessly!
You are too injured to fight recklessly!
You are too injured to fight recklessly!
You are too injured to fight recklessly!
You are too injured to fight recklessly!
You are too injured to fight recklessly!
You are too injured to fight recklessly!
You are too injured to fight recklessly!
You are too injured to fight recklessly!
You are too injured to fight recklessly!
You are too injured to fight recklessly!
You block the bullfrog's attack. The bullfrog closely misses you.
You block the adder's attack. The ball python bites you. The bullfrog hits you!
The ball python attacks as you move away!
You block the ball python's attack. The bullfrog hits you.
The bullfrog hits you but does no damage.
The bullfrog attacks as you move away! The bullfrog hits you.
* * * LOW HITPOINT WARNING * * *
The bullfrog hits you.
* * * LOW HITPOINT WARNING * * *
You miss the adder. You block the bullfrog's attack.
The bullfrog closely misses you. The adder bites you but does no damage.
The bullfrog barely misses you.
The bullfrog hits you but does no damage.
The adder bites you but does no damage.
You scratch the adder.
The adder is moderately wounded.
The bullfrog hits you.
* * * LOW HITPOINT WARNING * * *
You block the bullfrog's attack. You block the adder's attack.
The ball python bites you but does no damage.
You barely miss the adder.
The adder is moderately wounded.
The bullfrog hits you!
* * * LOW HITPOINT WARNING * * *
The bullfrog hits you but does no damage.
The ball python closely misses you. The bullfrog hits you.
You die...

#...##### #.†..'..#
#....#..# ##...####
#....################## #+
#.....#≈≈≈≈≈≈≈≈≈≈≈≈≈~~#...
##....~~≈≈≈~≈≈≈S≈≈~≈~~~...
#.....~~~~≈≈~SSF≈~~~#~...
#....~~≈~~~~#S@#~~~~~~...
##....≈≈≈~≈≈~..F#S~≈~~...
###..≈≈≈≈≈≈≈≈≈~~≈≈~≈#...
################### #


You could see 2 bullfrogs, an adder and 3 ball pythons.

Vanquished Creatures
  6 adders
  3 river rats (Sewer)
  2 dart slugs
  An orc (D:3)
  10 ball pythons
  10 endoplasms
  6 giant cockroaches
  6 goblins
  3 hobgoblins
  5 jackals
  7 kobolds
  3 quokkas
  3 bats
  8 frilled lizards
  29 rats
102 creatures vanquished.

Vanquished Creatures (others)
  A frilled lizard (D:3)
1 creature vanquished.

Grand Total: 103 creatures vanquished

Notes
Turn   | Place    | Note
-------+----------+-------------------------------------------
     0 | D:1      | Irreverend the Troll Fighter began the quest for the Orb.
     0 | D:1      | Reached XP level 1. HP: 22/22 MP: 0/0
    89 | D:1      | Reached XP level 2. HP: 29/29 MP: 1/1
   843 | D:2      | Reached XP level 3. HP: 36/36 MP: 2/2
   886 | D:2      | Identified the +8 whip of Jouck {freeze, Fly rC+++ Int-3
                  | Stlth+}
   928 | D:2      | Reached skill level 3 in Unarmed Combat
  1098 | D:2      | Reached XP level 4. HP: 44/44 MP: 3/3
  1349 | D:3      | Found a transporter.
  1365 | D:3      | Found a one-way gate to the infinite horrors of the Abyss.
  1365 | D:3      | Noticed pokeman's ghost (amateur DEHW)
  1367 | D:3      | Noticed a small abomination
  1378 | D:3      | Found a transporter.
  1398 | D:3      | Noticed a kobold brigand
  1466 | D:3      | Found a glowing drain.
  1487 | D:3      | Found a white marble altar of Elyvilon.
  1525 | Sewer    | Entered a sewer
  1627 | Sewer    | Reached skill level 4 in Unarmed Combat
  1627 | Sewer    | Reached XP level 5. HP: 49/53 MP: 4/4
  1806 | Sewer    | HP: 2/53 [bullfrog (7)]
  1806 | Sewer    | Slain by a bullfrog

Illustrated notes

Levels and vault maps discovered:
D:1:      sevenhm_arrival_forest_fort_large_3, layout_basic
D:2:      layout_basic, feat_on_display
D:3:      layout_rooms, elyvilon_altar_4, dreamdust_ecumenical_altar_statues,
          portal_sewer_entry_f, gammafunk_ghost_abyssal_escape,
          minmay_fountain_box
Sewer:    sewer_minmay_w

Skill      XL: |  1  2  3  4 |
---------------+-------------+-----
Shields        | 3 |  3.5
Unarmed Combat | 3 4 |  4.3
Fighting       | 3 |  3.2
Dodging        | |  2.4

Action                     |  1- 3 |  4- 6 || total
---------------------------+-------+-------++-------
  Melee: Unarmed           |   109 |   152 ||   261
   Stab: Sleeping          |       |     1 ||     1
 Armour: Robe              |    43 |    80 ||   123
  Dodge: Dodged            |    45 |    96 ||   141
  Block: Kite shield       |    59 |    92 ||   151

Table legend: (Time is in decaauts)
 A = Elapsed time spent in this place.
 B = Non-inter-level travel time spent in this place.
 C = Inter-level travel time spent in this place.
 D = Time resting spent in this place.
 E = Time spent auto-exploring this place.
 F = Levels seen in this place.
 G = Mean time per level.
                   A        B        C        D        E       F      G
               +--------+--------+--------+--------+--------+-----+--------+
         Total |   1821 |   1755 |     66 |      0 |   1230 |   4 |  455.2 |
       Dungeon |   1534 |   1468 |     66 |      0 |   1117 |   3 |  511.3 |
         Sewer |    286 |    286 |      0 |      0 |    113 |   1 |  286.0 |
               +--------+--------+--------+--------+--------+-----+--------+

Top non-repeatable levels by time:
     D:1: 826 daAuts
     D:2: 528 daAuts
   Sewer: 286 daAuts
     D:3: 179 daAuts
